 Dungeon Crawl Stone Soup version 0.24.0-37-gcf1ca852f1 (webtiles) character file.

Game seed: 7683559050309175385, levelgen mode: deterministic

71827 sankara the Fighter (level 15, -13/100 HPs)
             Began as a Gargoyle Earth Elementalist on Dec 1, 2019.
             Was the Champion of Ashenzari.
             Mangled by Snorg (19 damage)
             ... on level 12 of the Dungeon on Dec 3, 2019.
             The game lasted 04:28:29 (43949 turns).

sankara the Fighter (Gargoyle Earth Elementalist)  Turns: 43949, Time: 04:28:29

Health: -13/100    AC: 16    Str: 17    XL:     15   Next: 38%
Magic:  0/28       EV: 18    Int: 23    God:    Ashenzari [******]
Gold:   840        SH:  3    Dex: 10    Spells: 4/32 levels left

rFire    + . .     SeeInvis +   I - +0 dagger (venom) (curse)
rCold    + . .     Gourm    .   F - -2 buckler (curse)
rNeg     + + .     Faith    +   i - +0 leather armour (curse)
rPois    ∞         Spirit   .   l - -2 hat of the Alchemist {rElec rPois rF+ rC+ rN+ MR+ rMut rCorr} (curse)
rElec    +         Reflect  .   Y - +0 cloak "Rajanist" {MR+ SInv} (curse)
rCorr    +         Harm     .   W - +1 pair of gloves {Str+3} (curse)
rMut     +         Clarity  +   f - +0 pair of boots
MR       ++++.                  t - amulet of faith (curse)
Stlth    +++++.....             R - ring of protection from magic
HPRegen  0.26/turn              k - +3 ring of intelligence (curse)
MPRegen  0.21/turn

@: flying
A: big wings, negative energy resistance 1, electricity resistance, unbreathing,
petrification resistance, rot immunity, AC +11
a: Stop Flying, Curse Item, Scrying, Transfer Knowledge, Renounce Religion


You were on level 12 of the Dungeon.
You worshipped Ashenzari.
Ashenzari was exalted by your worship.
You were near starving.

You visited 4 branches of the dungeon, and saw 22 of its levels.
You also visited: Ossuary.

You collected 2428 gold pieces.
You spent 1588 gold pieces at shops.

Inventory:

Hand Weapons
 I - a cursed +0 dagger of venom (weapon)
Missiles
 b - 205 stones
 m - 65 poisoned darts (quivered)
 n - 5 throwing nets
 y - 8 datura-tipped darts
 H - 27 boomerangs
 K - 14 curare-tipped darts
 U - 14 javelins
Armour
 f - a +0 pair of boots (worn)
 i - a cursed +0 leather armour (worn)
 l - the cursed -2 hat of the Alchemist (worn) {rElec rPois rF+ rC+ rN+ MR+ rMut rCorr}
   (You bought it in a shop on level 11 of the Dungeon)

   It protects you from fire.
   It protects you from cold.
   It insulates you from electricity.
   It protects you from poison.
   It protects you from negative energy.
   It affects your resistance to hostile enchantments.
   It provides partial protection from all sources of acid and corrosion.
   It protects you from mutation.
   It has a curse placed upon it.
 F - a cursed -2 buckler (worn)
 W - a cursed +1 pair of gloves of strength (worn)
 Y - the cursed +0 cloak "Rajanist" (worn) {MR+ SInv}
   (You found it on level 8 of the Dungeon)

   It affects your resistance to hostile enchantments.
   It lets you see invisible.
   It has a curse placed upon it.
Jewellery
 k - a cursed +3 ring of intelligence (right hand)
 r - an uncursed ring of protection from fire
 t - a cursed amulet of faith (around neck)
 x - an uncursed ring of protection from fire
 B - a +3 ring of intelligence
 P - an uncursed ring of positive energy
 R - a ring of protection from magic (left hand)
 T - an uncursed ring of resist corrosion
 V - the amulet of Kupot {RegenMP rElec Int+3 Stlth+}
   (You took it off an orc on level 13 of the Dungeon)

   [amulet of magic regeneration]

   It increases your magic regeneration.
   It affects your intelligence (+3).
   It insulates you from electricity.
   It makes you more stealthy.
Wands
 j - a wand of random effects (15)
 v - a wand of acid (11)
 C - a wand of iceblast (17)
 E - a wand of paralysis (23)
 G - a wand of polymorph (11)
 J - a wand of enslavement (5)
 Q - a wand of digging (8)
 X - a wand of clouds (6)
Scrolls
 e - 3 scrolls of magic mapping
 q - a scroll of enchant armour
 s - 5 scrolls of fog
 w - a scroll of holy word
 A - 5 scrolls of teleportation
 D - 2 scrolls of enchant weapon
 M - 8 scrolls of identify
 N - a scroll of silence
 S - a scroll of remove curse
Potions
 a - 3 potions of might
 c - 2 potions of heal wounds
 g - 3 potions of brilliance
 h - 2 potions of haste
 o - 6 potions of agility
 p - 2 potions of ambrosia
 u - 3 potions of curing
 z - a potion of lignification
 L - a potion of cancellation {unknown}
Comestibles
 d - 30 rations
 O - 3 chunks of flesh


   Skills:
 - Level 14.0 Fighting
 + Level 3.0 Throwing
 - Level 2.1 Armour
 - Level 11.2(14.0) Dodging
 - Level 11.2(14.0) Stealth
 - Level 4.0(6.8) Shields
 - Level 9.0 Spellcasting
 - Level 9.5(12.4) Conjurations
 - Level 0.7(2.2) Transmutations
 - Level 6.2(9.3) Fire Magic
 - Level 9.0(11.9) Earth Magic
 - Level 4.1(7.0) Evocations


You had 4 spell levels left.
You knew the following spells:

 Your Spells              Type           Power        Failure   Level  Hunger
a - Sandblast             Erth           ######       1%          1    None
b - Passwall              Tmut/Erth      #####...     1%          2    None
c - Stone Arrow           Conj/Erth      ######       1%          3    None
d - Lee's Rapid Deconstr  Erth           ######....   1%          5    ####...
e - Petrify               Tmut/Erth      #####...     4%          4    ##.....
f - Fireball              Conj/Fire      ######....   2%          5    ####...
g - Fulminant Prism       Conj/Hex       #####.....   5%          4    ##.....
h - Dazzling Spray        Conj/Hex       #####.       1%          3    None
i - Apportation           Tloc           ##....       6%          1    None

Your spell library contained the following spells:

 Spells                   Type           Power        Failure   Level  Hunger
 Magic Dart               Conj           ####         1%          1    None
 Searing Ray              Conj           ######       1%          2    None
 Iskenderun's Mystic Bla  Conj           ######..     1%          4    ##.....
 Beastly Appendage        Tmut           ###...       3%          1    None
 Sticks to Snakes         Tmut           ###.....     4%          2    None
 Ignite Poison            Fire/Tmut/Pois ####....     4%          3    None
 Force Lance              Conj/Tloc      #####...     5%          4    ##.....
 Summon Butterflies       Summ           ##......     6%          1    None
 Leda's Liquefaction      Hex/Erth       #####.....   6%          4    ##.....
 Corpse Rot               Necr           N/A          10%         2    None
 Spider Form              Tmut/Pois      ###.......   13%         3    None
 Lesser Beckoning         Tloc           ##........   19%         3    None
 Tukima's Dance           Hex            ##......     19%         3    None
 Ice Form                 Ice/Tmut       ###.....     41%         4    ##.....
 Bolt of Fire             Conj/Fire      ######....   13%         6    ######.
 Blade Hands              Tmut           ###.......   63%         5    ####...
 Alistair's Intoxication  Tmut/Pois      ###.....     77%         5    ####...
 Summon Forest            Summ/Tloc      ##........   87%         5    ####...
 Hydra Form               Tmut           ###.......   99%         6    ######.
 Invisibility             Hex            ##......     100%        6    ######.
 Ring of Flames           Chrm/Fire      ####......   100%        7    #######
 Summon Hydra             Summ           ##........   100%        7    #######
 Ignition                 Fire           ######....   100%        8    #######


Dungeon Overview and Level Annotations

Branches:
Dungeon (13/15)            Temple (1/1) D:6            Lair (6/6) D:9
  Swamp (0/4) Lair:3        Snake (0/4) Lair:2        Slime (0/5) Lair:5
    Orc (2/2) D:11            Elf (0/3) Orc:2       Ossuary (visited)
 Vaults: D:13-14

Altars:
Ashenzari
Cheibriados
Dithmenos
Elyvilon
Fedhas
Gozag
Hepliaklqana
Kikubaaqudgha
Makhleb
Nemelex Xobeh
Okawaru
Qazlal
Ru
Sif Muna
Trog
Uskayaw
Vehumet
Wu Jian
Xom
Yredelemnul
Zin
The Shining One
Beogh

Shops:
D:3 *   D:4 !   D:6 (   D:8 %   D:11 [   D:12 :=!   Orc:2 %[(

Portals:
Trove: D:11 (give 8 scrolls of blinking)

Annotations:
D:3 Natasha
D:4 3 runed translucent doors, frabbit's ghost, novice OpIE
D:6 exclusion: gargoyle
D:10 scary demon blade, will kill you
D:12 Snorg


Innate Abilities, Weirdness & Mutations

You are resistant to torment.
Your stone body is resilient. (AC +11)
You are immune to poison.
Your large and strong wings let you fly indefinitely.
You resist negative energy. (rN+)
You are resistant to electric shocks. (rElec)
You can survive without breathing.
You are immune to petrification.
You are immune to rotting.


Message History

Snorg is severely wounded.
Snorg is no longer blind.
Snorg bites you! Snorg claws you! Snorg misses you. Snorg closely misses you.
Snorg misses you. Snorg claws you!
* * * LOW HITPOINT WARNING * * *
Snorg bites you.
* * * LOW HITPOINT WARNING * * *
Snorg claws you!
* * * LOW HITPOINT WARNING * * *
Snorg claws you.
* * * LOW HITPOINT WARNING * * *
Casting: Dazzling Spray (safe; 1% risk of failure)
Confirm with . or Enter, or press ? or * to list all spells.
Aiming: Stone Arrow (safe; 1% risk of failure)
Press: ? - help, Shift-Dir - straight line, f/p - Snorg
Aim: Snorg (severely wounded, berserk, fast, unusually strong, poisoned)
The stone arrow hits Snorg!!
Snorg is almost dead.
You block Snorg's attack. Snorg barely misses you. Snorg closely misses you.
Snorg bites you!!
You die...

#.......######.# #.......######.#
#### #.......#...##.# ...#
#...........##.# ##.#
#.......#...##.## ### #.#######
#......>##.##...###.. #......[#
#.....†.##.#......... #.#####.#
####T#####.##...###.# #.# #.# #@#
#.###..# #.# #.#####.# #.#
#.###..###.# #....##.# #.#
#.(........# #.##.##.# ###.#
#####(.##### #.##.##.# #...#
##..!##### #.##.##.## #.###
##......... ##........# #.#.##
##.......##.
#.......#.####...<####.........#.
.....................+.........'.


You could see Snorg (berserk).

Vanquished Creatures
  Rupert (Lair:4)
  An orc warlord (Orc:1)
  An ettin (Orc:2)
  Josephine (Orc:2)
  Harold (D:10)
  4 hydras
  A merfolk avatar (Lair:6)
  A catoblepas (Lair:3)
  2 centaur warriors
  5 two-headed ogres
  3 death yaks
  Urug (D:10)
  An orc high priest (Orc:2)
  Sonja (D:11)
  A deep elf knight (D:10)
  A sea snake (Lair:5)
  A wizard (D:10)
  3 harpies
  3 orc knights
  4 cyclopes
  2 oklob plants (Lair:4)
  3 orc sorcerers
  4 ugly things
  2 manticores
  10 elephants
  2 black mambas
  15 spiny frogs
  6 komodo dragons
  3 rime drakes
  A queen bee (D:11)
  7 polar bears
  9 trolls
  2 bog bodies (Lair:3)
  2 hornets
  8 dream sheep
  9 blink frogs
  9 hippogriffs
  5 wraiths
  35 yaks
  8 wyverns
  2 basilisks
  A hungry ghost (D:12)
  3 nagas (Lair:2)
  6 wargs
  11 water moccasins
  37 orc warriors
  4 porcupines
  A black bear (D:10)
  2 ice beasts
  8 sky beasts
  9 ogres
  An eye of draining (D:12)
  2 necrophages
  A phantom (D:12)
  12 centaurs
  17 crocodiles
  11 wolves
  16 bullfrogs
  A wyvern zombie (D:12)
  A gnoll sergeant (D:8)
  A wyvern skeleton (D:8)
  30 killer bees
  5 scorpions
  9 crimson imps
  3 howler monkeys (D:7)
  2 quasits
  3 bullfrog zombies
  2 centaur zombies
  6 hounds
  13 orc priests
  2 centaur skeletons
  4 bullfrog skeletons
  3 jellies
  14 orc wizards
  A gnoll shaman (D:5)
  10 worker ants
  An iguana (D:6)
  9 hell rats
  2 hound zombies (D:9)
  A hound skeleton (D:10)
  8 mummies (Ossuary)
  8 adders
  21 gnolls
  A shadow imp (D:11)
  4 oozes
  An adder skeleton (D:4)
  4 worms
  4 leopard geckos
  89 orcs
  15 giant cockroaches
  7 goblins
  8 hobgoblins
  14 jackals
  7 kobolds
  5 quokkas
  3 ball pythons
  9 bats
  3 frilled lizards
  2 gnoll zombies (Ossuary)
  2 hobgoblin zombies (Ossuary)
  A kobold zombie (Ossuary)
  3 orc zombies (Ossuary)
  A quokka skeleton (D:6)
  16 rats
  A plant (Lair:4)
683 creatures vanquished.

Vanquished Creatures (others)
  A quokka skeleton (D:8)
  53 fulminant prisms
  31 fungi
  26 plants
111 creatures vanquished.

Grand Total: 794 creatures vanquished

Notes
Turn   | Place    | Note
-------+----------+-------------------------------------------
     0 | D:1      | sankara the Gargoyle Earth Elementalist began the quest for
                  | the Orb.
     0 | D:1      | Reached XP level 1. HP: 10/10 MP: 3/3
   388 | D:1      | Reached XP level 2. HP: 6/15 MP: 0/5
  1114 | D:1      | Reached XP level 3. HP: 18/19 MP: 3/6
  1115 | D:1      | Reached skill level 5 in Earth Magic
  1630 | D:2      | Reached XP level 4. HP: 23/24 MP: 3/7
  2059 | D:2      | Reached XP level 5. HP: 9/28 MP: 3/8
  2342 | D:2      | Learned a level 2 spell: Passwall
  2346 | D:2      | Learned a level 3 spell: Stone Arrow
  2750 | D:2      | Reached skill level 1 in Conjurations
  3483 | D:3      | Found a glowing silver altar of Zin.
  3484 | D:3      | Found Zin's Purification Station.
  3515 | D:3      | Noticed Natasha
  3521 | D:3      | Reached XP level 6. HP: 31/32 MP: 6/9
  4087 | D:4      | Found a sacrificial altar of Ru.
  4389 | D:4      | Found Xamib's Distillery.
  4404 | D:4      | Found a stormy altar of Qazlal.
  4405 | D:4      | Found a glowing golden altar of the Shining One.
  4445 | D:4      | Found a runed translucent gate.
  4463 | D:4      | Found a runed translucent gate.
  4463 | D:4      | Found a runed translucent gate.
  4464 | D:4      | Noticed frabbit's ghost (novice OpIE)
  5098 | D:5      | Entered Level 5 of the Dungeon
  5236 | D:5      | Reached skill level 5 in Conjurations
  5247 | D:5      | Found a sand-covered staircase.
  5263 | Ossuary  | Entered an ossuary
  5326 | Ossuary  | Reached XP level 7. HP: 36/36 MP: 5/10
  5524 | Ossuary  | Reached skill level 1 in Fighting
  6160 | D:5      | Reached skill level 2 in Fighting
  6891 | D:5      | Reached skill level 3 in Fighting
  6891 | D:5      | Reached XP level 8. HP: 22/46 MP: 1/12
  7165 | D:5      | Learned a level 5 spell: Lee's Rapid Deconstruction
  7483 | D:6      | Reached skill level 4 in Fighting
  7541 | D:6      | Found a staircase to the Ecumenical Temple.
  7549 | Temple   | Entered the Ecumenical Temple
  7651 | Temple   | Became a worshipper of Ashenzari the Shackled
  7894 | D:6      | Noticed a gargoyle
  8056 | D:6      | Found Qifuhodde's Weapon Shop.
  8327 | D:6      | Reached skill level 5 in Fighting
  9048 | D:7      | Reached skill level 6 in Fighting
  9117 | D:7      | Reached skill level 5 in Dodging
  9117 | D:7      | Reached skill level 1 in Shields
  9117 | D:7      | Reached XP level 9. HP: 51/55 MP: 8/13
  9812 | D:7      | Reached * piety under Ashenzari
 10834 | D:8      | Identified the +3 lajatang "Qimomuba" {elec, MP+9}
 10836 | D:8      | Noticed a purple ugly thing
 10860 | D:8      | Killed a purple ugly thing
 10860 | D:8      | Reached skill level 7 in Fighting
 10920 | D:8      | Got the uncursed cloak "Rajanist" {MR+ SInv}
 10931 | D:8      | Identified the +0 cloak "Rajanist" {MR+ SInv} (You found it
                  | on level 8 of the Dungeon)
 11137 | D:8      | Reached skill level 8 in Fighting
 11280 | D:8      | Noticed a centaur warrior
 11302 | D:8      | Killed a centaur warrior
 11302 | D:8      | Reached XP level 10. HP: 38/65 MP: 0/14
 11329 | D:8      | Reached skill level 9 in Fighting
 11608 | D:8      | Found Hiemas Tueg's Food Shoppe.
 12359 | D:8      | Noticed a two-headed ogre
 12747 | D:7      | Killed a two-headed ogre
 13253 | D:9      | Learned a level 4 spell: Petrify
 13285 | D:9      | Noticed an elephant
 13286 | D:9      | Found a staircase to the Lair.
 13403 | D:9      | Reached skill level 10 in Fighting
 13403 | D:9      | Reached skill level 1 in Armour
 13533 | D:9      | Reached ** piety under Ashenzari
 15081 | D:9      | Reached XP level 11. HP: 72/72 MP: 4/17
 15319 | D:9      | Found a glowing golden altar of the Shining One.
 15646 | Lair:1   | Entered Level 1 of the Lair of Beasts
 16221 | Lair:1   | Reached skill level 5 in Spellcasting
 18191 | Lair:2   | Found a staircase to the Snake Pit.
 18767 | D:4      | Bought a potion of haste for 120 gold pieces
 18767 | D:4      | Bought a potion of curing for 36 gold pieces
 18767 | D:4      | Bought a potion of curing for 36 gold pieces
 18767 | D:4      | Bought a potion of might for 48 gold pieces
 18923 | Lair:2   | Reached *** piety under Ashenzari
 19209 | Lair:2   | Noticed an eight-headed hydra
 19612 | Lair:2   | Killed an eight-headed hydra
 20120 | Lair:3   | Reached XP level 12. HP: 77/77 MP: 18/22
 20261 | Lair:3   | Noticed a catoblepas
 20269 | Lair:3   | Killed a catoblepas
 20269 | Lair:3   | Reached skill level 1 in Evocations
 20468 | Lair:3   | Found a staircase to the Swamp.
 20630 | Lair:3   | Reached **** piety under Ashenzari
 20727 | Lair:2   | Learned a level 5 spell: Fireball
 21055 | Lair:3   | Reached skill level 1 in Fire Magic
 21904 | Lair:4   | Reached skill level 5 in Stealth
 22373 | Lair:4   | Reached skill level 11 in Fighting
 23002 | Lair:4   | Noticed Rupert
 23154 | Lair:4   | Reached skill level 10 in Dodging
 23758 | Lair:4   | Killed Rupert
 23758 | Lair:4   | Reached XP level 13. HP: 35/84 MP: 0/25
 24965 | Lair:5   | Found a staircase to the Slime Pits.
 25081 | Lair:5   | Reached ***** piety under Ashenzari
 25965 | Lair:6   | Entered Level 6 of the Lair of Beasts
 27270 | Lair:6   | Learned a level 4 spell: Leda's Liquefaction
 27274 | Lair:6   | Learned a level 3 spell: Dazzling Spray
 28390 | Lair:6   | Reached skill level 12 in Fighting
 29131 | Lair:5   | Learned a level 1 spell: Apportation
 29325 | Lair:6   | Gained mutation: Your large and strong wings let you fly
                  | indefinitely. [Gargoyle growth]
 29325 | Lair:6   | Reached XP level 14. HP: 92/92 MP: 17/27
 31277 | D:10     | Entered Level 10 of the Dungeon
 31718 | D:10     | Noticed Urug
 31756 | D:10     | Noticed Harold
 31777 | D:10     | Killed Urug
 32296 | D:10     | HP: 2/92 [wizard/orb of energy (17)]
 32579 | D:10     | Killed Harold
 32940 | D:10     | Learned a level 4 spell: Fulminant Prism
 33473 | D:10     | Reached ****** piety under Ashenzari
 33639 | D:11     | Noticed Sonja
 33642 | D:11     | Killed Sonja
 34229 | D:11     | Found a staircase to the Orcish Mines.
 34417 | D:11     | Found Mackus's Antique Armour Shoppe.
 34669 | D:11     | Found a portal to a secret trove of treasure.
 35928 | D:12     | Found Fain Qir's Jewellery Boutique.
 35958 | D:12     | Found Kiromp's Book Shop.
 36290 | D:12     | Found Qeczi's Distillery.
 36530 | D:11     | Bought the -2 hat of the Alchemist {rElec rPois rF+ rC+ rN+
                  | MR+ rMut rCorr} for 1132 gold pieces
 36530 | D:11     | Found the -2 hat of the Alchemist {rElec rPois rF+ rC+ rN+
                  | MR+ rMut rCorr}
 36804 | Orc:1    | Entered Level 1 of the Orcish Mines
 36859 | Orc:1    | Noticed an orc warlord
 36862 | Orc:1    | Reached skill level 13 in Fighting
 36865 | Orc:1    | Killed an orc warlord
 38162 | Orc:2    | Entered Level 2 of the Orcish Mines
 38642 | Orc:2    | Noticed Josephine
 39435 | Orc:1    | Reached skill level 14 in Fighting
 40010 | Orc:2    | Reached XP level 15. HP: 100/100 MP: 13/28
 40358 | Orc:2    | Reached skill level 10 in Stealth
 40650 | Orc:2    | Killed Josephine
 41866 | Orc:2    | Found a roughly hewn altar of Beogh.
 41933 | Orc:2    | Found a staircase to the Elven Halls.
 42033 | Orc:2    | Found Ynolafygat's Antique Weapon Emporium.
 42033 | Orc:2    | Found Qefule Gaox's Armour Shop.
 42033 | Orc:2    | Found Zykarar's Weapon Boutique.
 42046 | Orc:2    | Found Noalunie's Food Shoppe.
 42413 | D:11     | Bought a jacinth-encrusted scale mail for 216 gold pieces
 42413 | D:11     | Identified the +0 scale mail of Compassion {MR+} (You
                  | bought it in a shop on level 11 of the Dungeon)
 42486 | D:12     | Reached skill level 1 in Throwing
 43362 | D:13     | Found a blossoming altar of Fedhas.
 43650 | D:13     | Identified the amulet of Kupot {RegenMP rElec Int+3 Stlth+}
 43712 | D:13     | Noticed Snorg
 43947 | D:12     | HP: 5/100 [Snorg (5)]
 43949 | D:12     | Mangled by Snorg

Levels and vault maps discovered:
D:1:      wander_arrival_peaceful_grave, layout_basic, minmay_pentomino_z2
D:2:      minmay_diamond_boxcup, layout_loops_ring
D:3:      layout_loops_cross, zin_purify, uniq_natasha
D:4:      layout_basic, nicolae_overflow_hidden_temple,
          gammafunk_temple_overflow_pools, serial_shops, shop,
          ebering_ghost_rock_garden
D:5:      layout_gridville, first_ration, nicolae_ossuary_entry_false_entrances,
          kennysheep_decorative_pillar
D:6:      layout_gridville, minmay_temple_entry_statues_fountains, serial_shops,
          nicolae_shop_trees
D:7:      layout_loops_ring, minmay_circle_x
D:8:      minmay_the_grid_triangle_9x9_recursive_2
          [minmay_the_grid_triangle_9x9_prize_insulated,
          minmay_the_grid_triangle_9x9_warning,
          minmay_the_grid_triangle_9x9_sparse_checkered,
          minmay_the_grid_triangle_9x9_descending_squares], layout_rooms,
          serial_shops, shop, grunt_ogre_cave, kennysheep_generic_room_6
D:9:      kennysheep_spiral_hall, layout_irregular_city, david_lair_generic,
          tso_altar
D:10:     layout_long_grid, sword_in_stone
D:11:     layout_roguey [special_room_bee], orc_0_dummy,
          nicolae_trove_entry_crystal, serial_shops, shop, uniq_sonja
D:12:     layout_loops_corners, serial_shops, shop, shop_statue, shop_coins
D:13:     layout_loops_ring, eino_curves_01, fedhas_altar_1, uniq_snorg
Temple:   regret_index_temple_mists
Lair:1:   layout_roguey, grunt_megastairs_5, serial_bayou_shore_b,
          lemuel_fruit_tree, infiniplex_staircase_pool
Lair:2:   layout_cave_pods, minmay_snake_entry_guardpost_small, minivault_19,
          minivault_26
Lair:3:   layout_regular_city, skrybe_swamp_entry_bodies
Lair:4:   layout_loops_ring, nicolae_volcano_entry_s_turn, lemuel_fruit_fields,
          minmay_lair_oklob_chamber, grunt_megastairs_1, uniq_rupert
Lair:5:   layout_cave_pods, slime_dummy, grunt_megastairs_3,
          infiniplex_staircase_pool_2
Lair:6:   gammafunk_lair_ancient_temple, layout_layer_cave
Orc:1:    layout_diamond_mine, nicolae_orc_tapped_out
Orc:2:    st_orc_rangers, layout_caves, minmay_orc_temple_c, uniq_josephine

Skill      XL: |  1  2  3  4  5  6  7  8  9 10 11 12 13 14 15 |
---------------+----------------------------------------------+-----
Earth Magic    | 4 6 7 9 |  9.0
Conjurations   | 2 5 6 9 |  9.5
Fighting       | 3 6 8 10 11 12 14 | 14.0
Dodging        | 3 5 7 8 9 10 11 | 11.2
Spellcasting   | 3 4 7 8 9 |  9.0
Shields        | 1 4 |  4.0
Armour         | 2 |  2.1
Stealth        | 3 5 9 11 | 11.2
Evocations     | 1 4 |  4.1
Fire Magic     | 6 |  6.2
Throwing       | 3 |  3.0
Transmutations | |  0.7

Action                   |  1- 3 |  4- 6 |  7- 9 | 10-12 | 13-15 || total
-------------------------+-------+-------+-------+-------+-------++-------
Melee: Dagger            |    97 |   254 |   379 |   372 |   263 ||  1365
       Unarmed           |     7 |       |       |       |       ||     7
Throw: Dart              |       |       |       |       |    17 ||    17
       Stone             |       |       |       |       |     1 ||     1
 Cast: Sandblast         |    12 |    44 |   101 |    68 |    75 ||   300
       Stone Arrow       |       |    18 |    76 |   260 |   522 ||   876
       Lee's Rapid Decon |       |       |     1 |     2 |     4 ||     7
       Petrify           |       |       |       |    29 |     3 ||    32
       Fireball          |       |       |       |    10 |    97 ||   107
       Dazzling Spray    |       |       |       |       |    12 ||    12
       Fulminant Prism   |       |       |       |       |    54 ||    54
       Passwall          |       |       |       |       |     5 ||     5
Invok: Curse Item        |       |       |     1 |     2 |     2 ||     5
       Scrying           |       |       |       |       |     1 ||     1
 Abil: Fly               |       |       |       |       |     1 ||     1
Evoke: Wand              |       |       |       |    19 |    10 ||    29
  Use: Scroll            |       |    10 |     7 |     9 |     7 ||    33
       Potion            |       |       |     4 |       |     7 ||    11
 Stab: Sleeping          |     2 |     8 |     2 |     3 |    14 ||    29
       Distracted        |       |     1 |       |       |       ||     1
       Petrified         |       |       |       |    65 |       ||    65
       Paralysed         |       |       |       |    11 |     1 ||    12
       Petrifying        |       |       |       |     2 |       ||     2
       Invisible         |       |       |       |       |     7 ||     7
  Eat: Chunk             |     2 |    15 |    17 |    29 |    69 ||   132
       Ration            |       |       |     3 |     7 |     5 ||    15
Armor: Robe              |    40 |   100 |   162 |    20 |       ||   322
       Leather armour    |       |       |       |   161 |   228 ||   389
Dodge: Dodged            |    73 |   191 |   291 |   376 |   618 ||  1549
Block: Buckler           |       |       |    21 |    40 |   102 ||   163
